 Dungeon Crawl Stone Soup version 0.32-a0-42-ga30500b4d3 (webtiles) character file.

Game seed: 4710977573448367418

2248 gorgonaught the Basher (level 9, 0/78 HPs)
             Began as a Minotaur Fighter on Jan 29, 2024.
             Slain by an orc warrior
             ... wielding a +0 bardiche
              (3 damage)
             ... in a bailey on Jan 30, 2024.
             The game lasted 00:10:21 (5110 turns).

gorgonaught the Basher (Minotaur Fighter)           Turns: 5110, Time: 00:10:22

Health: 0/78       AC: 14    Str: 24    XL:     9   Next: 15%
Magic:  8/8        EV: 11    Int:  9    God:
Gold:   235        SH:  6    Dex: 18    Spells: 8/8 levels left

rFire   + . .        a - +1 flail (elec)
rCold   + . .        c - +0 buckler
rNeg    . . .        n - +0 chain mail
rPois   +            (helmet restricted)
rElec   +            e - +1 cloak
rCorr   +            (no gloves)
SInv    .            l - +0 pair of boots
Will    +....        (no amulet) Stlth
                     o - ring "Docamoop" {rPois Will+ Str+3 Dex+6 Slay-2}
HPRegen 0.33/turn    u - +4 ring of slaying
MPRegen 0.11/turn

%: no passive effects
@: resistant, attractive
A: horns 2, retaliatory headbutt, clever 1, inability to read after injury 1,
MP-powered wands, sturdy frame 1
a: no special abilities


You were in a bailey.
You visited 1 branch of the dungeon, and saw 7 of its levels.
You also visited: Bailey.

You collected 290 gold pieces.
You spent 55 gold pieces at shops.

Inventory:

Hand Weapons
 a - a +1 flail of electrocution (weapon)
Armour
 c - a +0 buckler (worn)
 e - a +1 cloak (worn)
 l - a +0 pair of boots (worn)
 n - a +0 chain mail (worn)
Jewellery
 b - a ring of ice
 h - a +5 ring of evasion
 o - the ring "Docamoop" (left hand) {rPois Will+ Str+3 Dex+6 Slay-2}
   (You found it on level 3 of the Dungeon)

   [ring of dexterity]

   Str+3:     It affects your strength (+3).
   Dex+6:     It affects your dexterity (+6).
   Slay-2:    It affects your accuracy & damage with ranged weapons and melee
   (-2).
   rPois:     It protects you from poison Will+: It increases your willpower.
 q - a +4 ring of protection
 u - a +4 ring of slaying (right hand)
 v - a ring of flight
Wands
 t - a wand of light (3)
Scrolls
 f - 2 scrolls of identify
 g - a scroll of poison
 w - a scroll of silence
Potions
 j - a potion of brilliance
 k - a potion of cancellation
 m - 3 potions of degeneration
 r - a potion of mutation


   Skills:
 * Level 6.5 Fighting
 * Level 9.6 Maces & Flails
 * Level 7.5 Armour
 * Level 4.0 Dodging
 + Level 1.0 Stealth
 * Level 6.3 Shields


You had 8 spell levels left.
You didn't know any spells.
Your spell library contained the following spells:

 Spells                   Type           Power      Damage    Failure   Level
 Foxfire                  Conj/Fire      0%         2x1d4     83%         1
 Blink                    Tloc           0%         N/A       92%         2
 Lesser Beckoning         Tloc           0%         N/A       92%         2
 Momentum Strike          Conj/Tloc      0%         3d8       92%         2
 Gell's Gravitas          Tloc           0%         N/A       99%         3
 Teleport Other           Tloc           0%         N/A       99%         3
 Passage of Golubria      Tloc           0%         N/A       100%        4
 Silence                  Hex/Air        0%         N/A       100%        5
 Plasma Beam              Fire/Air       0%         2x1d10    100%        6
 Starburst                Conj/Fire      0%         6d3       100%        6
 Lehudib's Crystal Spear  Conj/Erth      0%         10d2      100%        8


Dungeon Overview and Level Annotations

Branches:
Dungeon (7/15)             Temple (0/1) D:7          Bailey (1/1)

Altars:
Dithmenos
Elyvilon
Kikubaaqudgha
Uskayaw
Wu Jian
The Shining One
Lugonu

Shops:
D:4 !=   D:6 [

Portals:
Abyss: D:6


Innate Abilities, Weirdness & Mutations

You have a pair of horns on your head.
You reflexively headbutt those who attack you in melee.
Your mind is acute. (Int +4, Str/Dex -1)
You occasionally lose the ability to read scrolls when taking damage.
You expend magic power (3 MP) to strengthen your wands.
Your movements are slightly less encumbered by armour. (ER -2)


Message History

The orc warrior hits you with a +0 bardiche.
You block the orc warrior's attack. The centaur misses you.
The orc hits you from afar with a +0 trident.
* * * LOW HITPOINT WARNING * * *
The orc is attracted toward you.
The orc warrior is attracted toward you.
You closely miss the orc warrior.
You headbutt the orc warrior, but do no damage.
The orc warrior is almost dead.
The orc warrior seems to regain its courage.
The orc seems to regain its courage.
The centaur hits you but does no damage.
The orc hits you but does no damage.
The orc warrior hits you from afar with a +0 spear.
* * * LOW HITPOINT WARNING * * *
You block the orc's attack. The orc warrior misses you.
The orc warrior closely misses you. You furiously retaliate!
You headbutt the orc warrior!
The centaur hits you from afar with a +0 halberd!
* * * LOW HITPOINT WARNING * * *
You block the orc's attack.
The orc warrior is attracted toward you.
Okay, then.
You hit the orc warrior.
Lightning courses through the orc warrior!
The orc warrior is heavily wounded.
The orc warrior hits you with a +0 spear.
* * * LOW HITPOINT WARNING * * *
The orc closely misses you.
The orc warrior hits you with a +0 bardiche.
* * * LOW HITPOINT WARNING * * *
The orc hits you but does no damage. The centaur misses you.
The orc is attracted toward you.
You hit the orc.
The orc is heavily wounded.
The centaur barely misses you. The orc barely misses you.
The orc warrior hits you but does no damage.
You block the orc's attack.
The orc warrior hits you with a +0 bardiche.
You die...

#≈≈≈≈≈≈≈..≈≈≈
#≈≈≈≈≈..≈≈≈..
#≈≈≈≈.≈≈≈....
#≈≈≈≈.≈.....≈
#≈≈≈.≈≈.⌠..≈≈
#≈≈≈.≈.....≈~
#≈≈.≈≈§c..≈≈~
#≈≈.≈ooo..≈~≈
#≈≈.≈@o§..≈~≈
#≈≈.≈oo...≈~≈
#≈≈.≈..§..≈~≈
#≈≈.≈.....≈~≈
#≈≈.≈≈....≈≈~
#≈≈≈.≈.....≈≈
#≈≈≈.≈≈.⌠..≈≈
#≈≈≈≈.≈.....≈


You could see 3 orc warriors, a centaur and 3 orcs.

Vanquished Creatures
  Pikel (D:5)
  Eustachio (D:5)
  A steam dragon (D:7)
  A water moccasin (D:6)
  A black bear (D:5)
  Pargi (D:3)
  An ice beast (D:5)
  A sky beast (D:6)
  An orc warrior (Bailey)
  4 centaurs
  3 lemures (D:5)
  A phantom (D:5)
  Blork the orc (D:6)
  2 howler monkeys
  A bombardier beetle (D:6)
  A jelly (D:6)
  6 hounds
  Robin (D:3)
  6 adders
  A gnoll (D:1)
  3 white imps
  2 ufetubi (D:6)
  A dart slug (D:4)
  A ribbon worm (D:4)
  4 orcs
  4 ball pythons
  8 endoplasms
  3 giant cockroaches
  15 goblins
  12 hobgoblins
  3 jackals (D:1)
  3 quokkas
  A bat (D:3)
  4 frilled lizards
  A kobold (D:1)
  2 rats (D:2)
  A lurking horror (D:6)
104 creatures vanquished.

Vanquished Creatures (others)
  A lurking horror (D:6)
1 creature vanquished.

Grand Total: 105 creatures vanquished

Notes
Turn   | Place    | Note
-------+----------+-------------------------------------------
     0 | D:1      | gorgonaught the Minotaur Fighter began the quest for the
                  | Orb.
     0 | D:1      | Reached XP level 1. HP: 19/19 MP: 0/0
   144 | D:1      | Reached XP level 2. HP: 23/27 MP: 1/1
   739 | D:2      | Reached XP level 3. HP: 33/33 MP: 2/2
   804 | D:2      | Reached skill level 3 in Maces & Flails
  1404 | D:3      | Gained mutation: You occasionally lose the ability to read
                  | scrolls when taking damage. [potion of mutation]
  1404 | D:3      | Gained mutation: Your mind is acute. (Int +4, Str/Dex -1)
                  | [potion of mutation]
  1404 | D:3      | Gained mutation: You expend magic power (3 MP) to
                  | strengthen your wands. [potion of mutation]
  1404 | D:3      | Gained mutation: Your movements are slightly less
                  | encumbered by armour. (ER -2) [potion of mutation]
  1597 | D:3      | Reached XP level 4. HP: 38/40 MP: 3/3
  1624 | D:3      | Noticed Robin
  1649 | D:3      | Killed Robin
  1738 | D:3      | Found an ornate altar of the Wu Jian Council.
  1923 | D:3      | Found a glowing golden altar of the Shining One.
  1951 | D:3      | Found an ancient bone altar of Kikubaaqudgha.
  2059 | D:3      | Noticed Pargi
  2075 | D:3      | Killed Pargi
  2076 | D:3      | Reached skill level 4 in Maces & Flails
  2076 | D:3      | Reached skill level 1 in Dodging
  2076 | D:3      | Reached XP level 5. HP: 40/47 MP: 4/4
  2194 | D:3      | Identified the ring "Docamoop" {rPois Will+ Str+3 Dex+6
                  | Slay-2}
  2343 | D:4      | Found a shadowy altar of Dithmenos.
  2347 | D:4      | Found a white marble altar of Elyvilon.
  2351 | D:4      | Found a hide-covered altar of Uskayaw.
  2461 | D:4      | Found Qafas's Distillery.
  2465 | D:4      | Bought a potion of heal wounds for 55 gold pieces
  2501 | D:4      | Reached XP level 6. HP: 51/55 MP: 5/5
  2543 | D:4      | Reached skill level 5 in Maces & Flails
  2763 | D:4      | Found Demenull's Jewellery Emporium.
  2766 | D:4      | Reached skill level 5 in Armour
  2947 | D:5      | Entered Level 5 of the Dungeon
  3030 | D:5      | Reached skill level 5 in Fighting
  3204 | D:5      | Reached XP level 7. HP: 61/61 MP: 6/6
  3373 | D:5      | Reached skill level 6 in Maces & Flails
  3429 | D:5      | Reached skill level 5 in Shields
  3450 | D:5      | Noticed Pikel
  3467 | D:5      | Killed Pikel
  3468 | D:5      | Reached skill level 7 in Maces & Flails
  3468 | D:5      | Reached XP level 8. HP: 33/69 MP: 7/7
  3483 | D:5      | Noticed Eustachio
  3511 | D:5      | Killed Eustachio
  3512 | D:5      | Reached skill level 8 in Maces & Flails
  4356 | D:6      | Found a corrupted altar of Lugonu.
  4358 | D:6      | Found a one-way gate to the infinite horrors of the Abyss.
  4553 | D:6      | Found Dupletua's Antique Armour Shoppe.
  4865 | D:6      | Noticed Blork the orc
  4868 | D:6      | Killed Blork the orc
  4877 | D:6      | Reached skill level 9 in Maces & Flails
  5034 | D:7      | Found a staircase to the Ecumenical Temple.
  5048 | D:7      | Reached XP level 9. HP: 52/78 MP: 8/8
  5067 | D:7      | Found a flagged portal.
  5085 | Bailey   | Entered a bailey
  5105 | Bailey   | Reached skill level 1 in Stealth
  5109 | Bailey   | HP: 3/78 [orc warrior/+0 bardiche (4)]
  5110 | Bailey   | Slain by an orc warrior

Illustrated notes

Levels and vault maps discovered:
D:1:      erik_arrival_blinker_ship, layout_basic
D:2:      layout_basic
D:3:      layout_basic, mainiacjoe_overflow_24_doors,
          mainiacjoe_overflow_two_lobes, uniq_pargi, uniq_robin
D:4:      layout_loops_cross, grunt_temple_overflow_diamond, serial_shops, shop,
          shop
D:5:      layout_layer_cave, chequers_serial_rivers_small_3, uniq_eustachio,
          uniq_pikel
D:6:      layout_basic, serial_aquarium, aquarium_bridge_square
          [aquarium_subvault_wall, aquarium_subvault_window,
          aquarium_subvault_bridge, aquarium_subvault_wall],
          aquarium_window_corridor_3, aquarium_window_fake, aquarium_window_2,
          aquarium_view_2a, aquarium_view_2e, aquarium_pool_side, serial_shops,
          shop, amcnicky_altar_lugonu_corruption, uniq_blork_the_orc
D:7:      layout_basic, minmay_temple_entry_sparse_star, serial_aquarium,
          aquarium_bridge_square [aquarium_subvault_bridge,
          aquarium_subvault_window, aquarium_subvault_wall,
          aquarium_subvault_window], aquarium_bridge_long_separate
          [aquarium_subvault_wall, aquarium_subvault_bridge,
          aquarium_subvault_window, aquarium_subvault_window,
          aquarium_subvault_bridge, aquarium_subvault_bridge],
          aquarium_window_fake, aquarium_window_corridor_3, aquarium_view_2e,
          aquarium_view_2d, aquarium_pool_four, enter_bailey_5, serial_shops,
          shop, nicolae_shop_getting_attention, nicolae_shop_waterfront, shop,
          shop, minmay_misc_feat_encased
Bailey:   bailey_polearm_flooded_kennysheep, bailey

Skill      XL: |  1  2  3  4  5  6  7  8  9 |
---------------+----------------------------+-----
Shields        | 4 5 6 |  6.3
Armour         | 4 5 6 7 |  7.5
Fighting       | 4 5 6 |  6.5
Maces & Flails | 3 4 5 7 9 |  9.6
Dodging        | 1 2 3 4 |  4.0
Stealth        | 1 |  1.0

Action                     |  1- 3 |  4- 6 |  7- 9 || total
---------------------------+-------+-------+-------++-------
  Melee: Flail             |    58 |   115 |   114 ||   287
         Headbutt          |     7 |    11 |    20 ||    38
    Use: Scroll            |     6 |     1 |     9 ||    16
         Potion            |     4 |     1 |     4 ||     9
   Stab: Fleeing           |       |       |     1 ||     1
 Armour: Scale mail        |    29 |    21 |       ||    50
         Chain mail        |       |    70 |   123 ||   193
  Dodge: Dodged            |    34 |    97 |    89 ||   220
  Block: Buckler           |    12 |    31 |    49 ||    92

Table legend: (Time is in decaauts)
 A = Elapsed time spent in this place.
 B = Non-inter-level travel time spent in this place.
 C = Inter-level travel time spent in this place.
 D = Time resting spent in this place.
 E = Time spent auto-exploring this place.
 F = Levels seen in this place.
 G = Mean time per level.
                   A        B        C        D        E       F      G
               +--------+--------+--------+--------+--------+-----+--------+
         Total |   5140 |   5050 |     90 |    266 |   3894 |   8 |  642.5 |
       Dungeon |   5116 |   5026 |     90 |    266 |   3894 |   7 |  730.9 |
        Bailey |     24 |     24 |      0 |      0 |      0 |   1 |   24.0 |
               +--------+--------+--------+--------+--------+-----+--------+

Top non-repeatable levels by time:
     D:5: 1162 daAuts
     D:6: 934 daAuts
     D:3: 824 daAuts
     D:4: 724 daAuts
     D:1: 709 daAuts
     D:2: 706 daAuts
     D:7: 54 daAuts
  Bailey: 24 daAuts
